 Dungeon Crawl Stone Soup version 0.29.1-1-gd02db6906a (webtiles) character file.

Game seed: 8404196501272556135

371 Icepheonix32 the Gusty (level 6, -4/32 HPs)
             Began as a Tengu Air Elementalist on Sept 25, 2022.
             Slain by a water moccasin zombie (7 damage)
             ... on level 3 of the Dungeon.
             The game lasted 00:04:19 (4226 turns).

Icepheonix32 the Gusty (Tengu Air Elementalist)     Turns: 4226, Time: 00:04:20

Health: -4/32      AC:  2    Str: 18    XL:     6   Next: 71%
Magic:  2/11       EV: 15    Int: 24    God:
Gold:   99         SH:  0    Dex: 22    Spells: 5/11 levels left

rFire   . . .      SeeInvis .   r - +10 short sword of the Pyrrhic Victory {spect, rElec rC- Str+4 Dex+8}
rCold   x . .      Faith    .   (no shield)
rNeg    . . .      Spirit   .   a - +0 robe
rPois   .          Reflect  .   (helmet restricted)
rElec   +          Harm     .   q - scarf {repulsion}
rCorr   .          Rampage  .   (no gloves)
Will    .....                   (boots unavailable)
Stlth   ++........              (no amulet)
HPRegen 0.10/turn               s - +6 ring of strength
MPRegen 0.12/turn               u - +6 ring of intelligence

@: attractive, flying quickly and evasively, repel missiles, quick
A: beak, talons 3, nimble flight
a: no special abilities


You were on level 3 of the Dungeon.
You visited 1 branch of the dungeon, and saw 3 of its levels.

You collected 99 gold pieces.

Inventory:

Hand Weapons
 d - a +0 dagger
 r - the +10 short sword of the Pyrrhic Victory (weapon) {spect, rElec rC- Str+4 Dex+8}
   (You found it on level 3 of the Dungeon)

   When its wielder attacks, the weapon's spirit leaps out and strikes again.
   The spirit shares a part of any damage it takes with its wielder.
   Str:       It affects your strength (+4).
   Dex:       It affects your dexterity (+8).
   rC:        It makes you vulnerable to cold.
   rElec:     It insulates you from electricity.
Armour
 a - a +0 robe (worn)
 q - a scarf of repulsion (worn)
Jewellery
 s - a +6 ring of strength (left hand)
 u - a +6 ring of intelligence (right hand)
Wands
 y - a wand of flame (23)
Scrolls
 e - a scroll of noise
 f - a scroll of immolation {unknown}
 i - a scroll of poison {unknown}
 j - a scroll of fear {unknown}
 k - a scroll of fog {unknown}
 l - 2 scrolls of vulnerability {unknown}
 n - a scroll of teleportation {unknown}
 p - 3 scrolls of enchant armour {unknown}
 x - 2 scrolls of identify {unknown}
Potions
 b - 2 potions of magic
 g - a potion of heal wounds {unknown}
 h - a potion of ambrosia {unknown}
 m - a potion of brilliance {unknown}
 o - 2 potions of curing
 t - a potion of might {unknown}
 v - a potion of mutation {unknown}
 w - a potion of haste {unknown}


   Skills:
 + Level 0.3 Fighting
 * Level 2.1 Short Blades
 + Level 2.3 Dodging
 + Level 2.3 Stealth
 + Level 3.1 Spellcasting
 * Level 4.8 Conjurations
 * Level 6.5 Air Magic


You had 5 spell levels left.
You knew the following spells:

 Your Spells              Type           Power      Damage    Failure   Level
a - Shock                 Conj/Air       100%       1d9       1%          1
b - Static Discharge      Conj/Air       31%        3-7/arc   1%          2
c - Swiftness             Air            35%        N/A       2%          3

Your spell library contained the following spells:

 Spells                   Type           Power      Damage    Failure   Level
 Poisonous Vapours        Pois/Air       38%        N/A       4%          2
 Airstrike                Air            17%        2d(3-19)  7%          4
 Slow                     Hex            12%        N/A       11%         1
 Confusing Touch          Hex            3%         N/A       32%         3
 Vampiric Draining        Necr           3%         2d6       32%         3
 Corpse Rot               Necr/Pois/Air  14%        N/A       41%         4


Dungeon Overview and Level Annotations

Branches:
Dungeon (3/15)

Altars:


Innate Abilities, Weirdness & Mutations

You have a beak for a mouth.
You have claws for feet.
Your magical nature lets you fly swiftly and evasively.


Message History

Unknown command.
It was a potion of curing.
You feel better. The hornet zombie barely misses you.
The water moccasin zombie closely misses you.
You hit the hornet zombie.
The hornet zombie is moderately damaged.
The hornet zombie closely misses you.
The water moccasin zombie completely misses you.
You puncture the hornet zombie!
You peck the hornet zombie, but do no damage.
You punch the hornet zombie.
The hornet zombie is heavily damaged.
The hornet zombie misses you.
The water moccasin zombie barely misses you.
The hornet zombie hits you.
* * * LOW HITPOINT WARNING * * *
You feel better.
The water moccasin zombie barely misses you.
The hornet zombie hits you.
* * * LOW HITPOINT WARNING * * *
The water moccasin zombie closely misses you.
You feel better. The hornet zombie hits you!
* * * LOW HITPOINT WARNING * * *
The water moccasin zombie barely misses you.
Unknown command.
You feel better. The hornet zombie barely misses you.
The water moccasin zombie closely misses you.
The hornet zombie closely misses you.
Unknown command.
Okay, then.
You hit the hornet zombie.
The hornet zombie is severely damaged.
The water moccasin zombie barely misses you.
The hornet zombie hits you!
* * * LOW HITPOINT WARNING * * *
Unknown command.
You puncture the hornet zombie!
The hornet zombie is severely damaged.
The water moccasin zombie bites you!
You die...

.......#...#..# #.#.....'.#
#####.#...)...# #.#.....#.#
....#....#....# #.#.รท..>#.#
###.#....#....# #.#.#####.#
....#..#.#.##.## #.#..# #.#
#.#.#..#.#.##..#######.#..# #.#
#...#....#.##.....<.......# #.#
.......###.####Z##........####.#
######## #......@Z...........#.#
....#### ######.###'''######.#.#
#......### ###.......# #.#.##
#.####...## #.##.....#####.#.#.
#....###..## #.#.......#..#...#.
#..#...##..# #.##..$[.###.#.....
##.#....##.##
#.#..#.#..#....#### #.##....#..#
#.#########........
#..##...##.###........#..#######


You could see a water moccasin zombie and a hornet zombie.

Vanquished Creatures
  The ghost of Powertoast the Sneak, an amateur KoBr of Nemelex Xobeh (D:3)
  A scorpion (D:3)
  A centaur zombie (D:3)
  Natasha (thrice) (D:3)
  Terence (D:3)
  3 worms
  5 orcs (D:3)
  5 ball pythons
  2 endoplasms
  A giant cockroach (D:2)
  5 goblins
  6 hobgoblins
  4 quokkas
  7 bats
  2 frilled lizards (D:3)
  5 kobolds
  9 rats
61 creatures vanquished.

Vanquished Creatures (others)
  8 plants (D:3)
8 creatures vanquished.

Grand Total: 69 creatures vanquished

Notes
Turn   | Place    | Note
-------+----------+-------------------------------------------
     0 | D:1      | Icepheonix32 the Tengu Air Elementalist began the quest for
                  | the Orb.
     0 | D:1      | Reached XP level 1. HP: 10/10 MP: 4/4
   317 | D:1      | Reached XP level 2. HP: 15/15 MP: 4/6
   489 | D:1      | Found a faded altar of an unknown god.
  1029 | D:1      | Learned a level 2 spell: Static Discharge
  1944 | D:2      | Reached XP level 3. HP: 19/19 MP: 5/7
  2703 | D:2      | Reached skill level 5 in Air Magic
  2889 | D:3      | Identified the +10 short sword of the Pyrrhic Victory
                  | {spect, rElec rC- Str+4 Dex+8}
  2896 | D:3      | Learned a level 3 spell: Swiftness
  2919 | D:3      | Noticed a scorpion
  2931 | D:3      | Killed a scorpion
  2932 | D:3      | Reached XP level 4. HP: 24/24 MP: 5/8
  3069 | D:3      | Reached skill level 1 in Short Blades
  3191 | D:3      | Noticed Terence
  3198 | D:3      | Killed Terence
  3199 | D:3      | Gained mutation: Your magical nature lets you fly swiftly
                  | and evasively. [Tengu growth]
  3199 | D:3      | Reached XP level 5. HP: 24/28 MP: 3/10
  3406 | D:3      | Noticed Natasha
  3413 | D:3      | Killed Natasha
  3698 | D:3      | Noticed Natasha
  3703 | D:3      | Killed Natasha
  3937 | D:3      | Found a runed translucent gate.
  3938 | D:3      | Found a runed translucent gate.
  3939 | D:3      | Found a runed translucent gate.
  3941 | D:3      | Noticed Powertoast's ghost (amateur KoBr)
  4191 | D:3      | Noticed Natasha
  4195 | D:3      | Killed Natasha
  4196 | D:3      | Reached skill level 6 in Air Magic
  4196 | D:3      | Reached XP level 6. HP: 32/32 MP: 6/11
  4215 | D:3      | Killed Powertoast's ghost
  4226 | D:3      | Slain by a water moccasin zombie

Illustrated notes

Levels and vault maps discovered:
D:1:      lemuel_arrival_cross, layout_loops_corners, serial_aquarium,
          aquarium_bridge_square [aquarium_subvault_wall,
          aquarium_subvault_bridge, aquarium_subvault_bridge,
          aquarium_subvault_wall], aquarium_window_double, aquarium_window_2,
          aquarium_window_2, aquarium_view_2b, aquarium_balcony_3b,
          aquarium_pool_corner, hellmonk_ecumenical_altar_run_dry
D:2:      layout_loops_corners
D:3:      minmay_evil_eye, layout_basic, gammafunk_ghost_necromancy,
          chequers_big_river, uniq_terence, uniq_natasha

Skill      XL: |  1  2  3  4  5  6 |
---------------+-------------------+-----
Conjurations   | 2 3 4 |  4.8
Air Magic      | 5 6 |  6.5
Short Blades   | 1 2 |  2.1
Spellcasting   | 3 |  3.1
Fighting       | |  0.3
Dodging        | |  2.3
Stealth        | |  2.3

Action                   |  1- 3 |  4- 6 || total
-------------------------+-------+-------++-------
Melee: Kick              |     2 |     1 ||     3
       Unarmed           |     1 |       ||     1
       Short sword       |     3 |    16 ||    19
       Peck              |       |     2 ||     2
       Punch             |       |     1 ||     1
 Cast: Shock             |    80 |    46 ||   126
       Static Discharge  |       |     4 ||     4
  Use: Scroll            |     1 |       ||     1
       Potion            |       |     5 ||     5
Armor: Robe              |     1 |     3 ||     4
Dodge: Dodged            |     8 |    26 ||    34
